 Dungeon Crawl Stone Soup version 0.28-a0-1524-ge72afd5fc6 (webtiles) character file.

Game seed: 3850710647624877227

452 Shayle the Ducker (level 6, 0/50 HPs)
             Began as a Vampire Air Elementalist on Jan 17, 2022.
             Slain by a centaur zombie (2 damage)
             ... in an ossuary.
             The game lasted 00:14:23 (4008 turns).

Shayle the Ducker (Vampire Air Elementalist)        Turns: 4008, Time: 00:14:24

Health: 0/50       AC:  5    Str:  7    XL:     6   Next: 75%
Magic:  0/13       EV: 15    Int: 19    God:
Gold:   92         SH:  0    Dex: 15    Spells: 10/15 levels left

rFire   + . .      SeeInvis +   j - +2 mace (pain)
rCold   + . .      Faith    .   (no shield)
rNeg    . . .      Spirit   .   a - +0 robe
rPois   +          Reflect  .   e - +0 helmet
rElec   +          Harm     .   m - +0 cloak
rCorr   +          Rampage  .   (no gloves)
Will    .....                   o - +0 pair of boots
Stlth   +++.......              (no amulet)
HPRegen 0.36/turn               (no ring)
MPRegen 0.13/turn               (no ring)

@: resistant, marked, healing quickly
A: alive, fangs 3, see invisible, vampiric 2
a: Exsanguinate


You were in an ossuary.
You visited 1 branch of the dungeon, and saw 4 of its levels.
You also visited: Ossuary.

You collected 92 gold pieces.

Inventory:

Hand Weapons
 g - a +0 dagger
 h - a +1 dagger of venom
 j - a +2 mace of pain (weapon)
Missiles
 c - 6 poisoned darts
Armour
 a - a +0 robe (worn)
 e - a +0 helmet (worn)
 m - a +0 cloak (worn)
 o - a +0 pair of boots (worn)
Jewellery
 d - a ring of ice
 i - a ring of resist corrosion
Wands
 l - a wand of flame (17)
Scrolls
 f - a scroll of amnesia
 n - a scroll of noise
 p - 2 scrolls of identify


   Skills:
 + Level 4.9 Fighting
 + Level 6.4 Dodging
 * Level 6.0 Stealth
 - Level 5.0 Spellcasting
 - Level 3.7 Conjurations
 + Level 6.3 Air Magic


You had 10 spell levels left.
You knew the following spells:

 Your Spells              Type           Power      Damage    Failure   Level
a - Shock                 Conj/Air       92%        1d8       1%          1
b - Airstrike             Air            14%        N/A       9%          4

Your spell library contained the following spells:

 Spells                   Type           Power      Damage    Failure   Level
 Static Discharge         Conj/Air       23%        N/A       2%          2
 Swiftness                Air            28%        N/A       2%          3
 Summon Small Mammal      Summ           16%        N/A       12%         1
 Call Canine Familiar     Summ           4%         N/A       36%         3
 Summon Guardian Golem    Hex/Summ       4%         N/A       36%         3


Dungeon Overview and Level Annotations

Branches:
Dungeon (4/15)            Ossuary (1/1)
 Temple: D:4-7

Altars:

Annotations:
D:2 1 runed translucent door, Crazy Yiuf


Innate Abilities, Weirdness & Mutations

Your natural rate of healing is accelerated.
You have razor-sharp teeth.
You have supernaturally acute eyesight. (SInv)
You are afflicted with vampirism and can become a bat while bloodless.


Message History

The mummy hits you.
* * * LOW HITPOINT WARNING * * *
The mummy barely misses you.
Your Stealth skill increases to level 6!
Unknown command.
You aren't carrying any potions.
Unknown command.
Okay, then.
Aiming: Throw Flame
Press: ? - help, Shift-Dir - straight line, f/p - centaur zombie
Aim: a centaur zombie (lightly damaged, 100% to hit)
The puff of flame hits the centaur zombie.
The centaur zombie is moderately damaged.
The centaur zombie closely misses you. x2; The centaur zombie hits you.
* * * LOW HITPOINT WARNING * * *
The centaur zombie completely misses you.
Aiming: Throw Flame
Press: ? - help, Shift-Dir - straight line, f/p - centaur zombie
Aim: a centaur zombie (moderately damaged, 100% to hit)
The puff of flame hits the centaur zombie.
The centaur zombie is heavily damaged.
The centaur zombie hits you but does no damage.
The centaur zombie barely misses you. The mummy misses you. The mummy hits you!
* * * LOW HITPOINT WARNING * * *
Aiming: Throw Flame
Press: ? - help, Shift-Dir - straight line, f/p - centaur zombie
Aim: a centaur zombie (heavily damaged, 100% to hit)
The puff of flame hits the centaur zombie!
The centaur zombie is severely damaged.
The centaur zombie hits you but does no damage.
The centaur zombie kicks you but does no damage.
The mummy closely misses you.
Aiming: Throw Flame
Press: ? - help, Shift-Dir - straight line, f/p - centaur zombie
Aim: a centaur zombie (severely damaged, 100% to hit)
The puff of flame hits the centaur zombie.
The centaur zombie is almost destroyed.
The centaur zombie barely misses you. The centaur zombie misses you.
The mummy misses you. The centaur zombie hits you.
You die...

.^...##
..^....#
#^....##
.^...^.#
##...^.##
.ZZ....#
##MZ...##
#@ZZ....#
##M....##
#....^#
#.....#
#..∩..#
#.....#
#..∩..#
#.....#
#.....#


You could see 2 mummies, 3 hobgoblin zombies and 2 centaur zombies.

Vanquished Creatures
  2 centaur zombies (Ossuary)
  A hound (D:4)
  An orc priest (D:3)
  Natasha (thrice) (D:2)
  A killer bee zombie (D:4)
  2 mummies
  A gnoll (D:3)
  6 adders
  2 dart slugs (D:1)
  2 orcs (D:3)
  9 ball pythons
  5 endoplasms
  4 giant cockroaches
  2 goblins
  8 hobgoblins
  5 kobolds
  A quokka (D:3)
  2 bats (D:1)
  6 frilled lizards
  A goblin zombie (D:4)
  2 rats
66 creatures vanquished.

Notes
Turn   | Place    | Note
-------+----------+-------------------------------------------
     0 | D:1      | Shayle the Vampire Air Elementalist began the quest for the
                  | Orb.
     0 | D:1      | Reached XP level 1. HP: 13/13 MP: 3/3
   319 | D:1      | Reached XP level 2. HP: 20/20 MP: 3/5
  1258 | D:1      | Reached skill level 1 in Fighting
  1258 | D:1      | Gained mutation: You are afflicted with vampirism and can
                  | become a bat while bloodless. [Vampire growth]
  1258 | D:1      | Reached XP level 3. HP: 20/26 MP: 1/6
  1890 | D:2      | Found a runed translucent door.
  1892 | D:2      | Noticed Crazy Yiuf
  2043 | D:2      | Reached XP level 4. HP: 27/32 MP: 7/7
  2114 | D:2      | Noticed Natasha
  2359 | D:2      | Reached skill level 5 in Stealth
  2379 | D:2      | Reached skill level 5 in Spellcasting
  2379 | D:2      | Reached XP level 5. HP: 30/43 MP: 7/12
  2385 | D:2      | Killed Natasha
  2539 | D:2      | Noticed Natasha
  2854 | D:2      | Learned a level 4 spell: Airstrike
  2980 | D:2      | Killed Natasha
  3088 | D:2      | Noticed Natasha
  3091 | D:2      | Killed Natasha
  3376 | D:3      | Reached XP level 6. HP: 50/50 MP: 4/13
  3961 | D:4      | Found a sand-covered staircase.
  3974 | Ossuary  | Entered an ossuary
  4006 | Ossuary  | HP: 2/50 [mummy (7)]
  4008 | Ossuary  | Slain by a centaur zombie

Illustrated notes

Levels and vault maps discovered:
D:1:      sevenhm_arrival_forest_fort_small_5, layout_basic
D:2:      layout_basic, chequers_mini_garden, uniq_crazy_yiuf_cottage,
          uniq_natasha
D:3:      layout_rooms, mainiacjoe_overflow_concentric_impassable, trog_book,
          shapermc_ecumenical_altar_rom_forum
D:4:      layout_gridville, nicolae_ossuary_entry_giza, serial_co_window_serial,
          co_window_corner_a, co_window_paths_a, co_window_corner_a,
          co_window_paths_a, co_window_corner_a, co_window_corner_b,
          co_window_cross_2, co_window_2corner, co_window_2corner,
          co_window_4corner_b, glass_columns_b, glass_columns_c, glass_columns_a
Ossuary:  ossuary_the_hunt_dpeg

Skill      XL: |  1  2  3  4  5  6 |
---------------+-------------------+-----
Stealth        | 4 5 6 |  6.0
Fighting       | 1 4 |  4.9
Dodging        | 6 |  6.4
Spellcasting   | 5 |  5.0
Conjurations   | 3 |  3.7
Air Magic      | 6 |  6.3

Action                   |  1- 3 |  4- 6 || total
-------------------------+-------+-------++-------
Melee: Unarmed           |     4 |       ||     4
       Dagger            |    17 |       ||    17
       Mace              |    10 |    67 ||    77
       Bite              |     2 |     8 ||    10
       Punch             |       |     1 ||     1
 Cast: Shock             |    50 |    10 ||    60
       Airstrike         |       |    18 ||    18
Evoke: Wand              |       |     6 ||     6
  Use: Potion            |     1 |     4 ||     5
       Scroll            |       |     5 ||     5
 Stab: Sleeping          |     2 |     3 ||     5
Armor: Robe              |     5 |    15 ||    20
Dodge: Dodged            |    25 |    96 ||   121

Table legend: (Time is in decaauts)
 A = Elapsed time spent in this place.
 B = Non-inter-level travel time spent in this place.
 C = Inter-level travel time spent in this place.
 D = Time resting spent in this place.
 E = Time spent auto-exploring this place.
 F = Levels seen in this place.
 G = Mean time per level.
                   A        B        C        D        E       F      G
               +--------+--------+--------+--------+--------+-----+--------+
         Total |   4041 |   3891 |    150 |   1004 |   1889 |   5 |  808.2 |
       Dungeon |   4001 |   3851 |    150 |   1004 |   1889 |   4 | 1000.2 |
       Ossuary |     39 |     39 |      0 |      0 |      0 |   1 |   39.0 |
               +--------+--------+--------+--------+--------+-----+--------+

Top non-repeatable levels by time:
     D:1: 1717 daAuts
     D:2: 1489 daAuts
     D:4: 459 daAuts
     D:3: 335 daAuts
 Ossuary: 39 daAuts
